 Dungeon Crawl Stone Soup version 0.21.1-1-g345015f (webtiles) character file.

519 nightchill the Firebug (level 7, 57/57 HPs)
             Began as a White Draconian Fire Elementalist on July 1, 2018.
             Quit the game on level 4 of the Dungeon.
             The game lasted 00:15:09 (4182 turns).

nightchill the Firebug (DrFE)                       Turns: 4182, Time: 00:15:09

Health: 57/57      AC:  8    Str: 10    XL:     7   Next: 1%
Magic:  9/12       EV: 12    Int: 18    God:
Gold:   121        SH:  0    Dex: 11    Spells: 4/12 levels left

rFire    + . .     SeeInvis .   b - +0 hunting sling
rCold    + + .     Gourm    .   (no shield)
rNeg     . . .     Faith    .   (armour unavailable)
rPois    .         Spirit   .   (helmet restricted)
rElec    .         Reflect  .   l - scarf {rC+ rF+}
rCorr    .         Harm     .   (no gloves)
MR       .....                  g - +1 pair of boots
Stlth    ++........             (no amulet)
HPRegen  0.19/turn              (no ring)
MPRegen  0.13/turn              (no ring)

@: no status effects
A: breathe frost, unfitting armour, cold resistance 1, cold-blooded, AC +6
a: Breathe Frost


You were on level 4 of the Dungeon.
You were not hungry.

You visited 1 branch of the dungeon, and saw 4 of its levels.

You collected 121 gold pieces.

Inventory:

Hand Weapons
 a - a +0 mace of pain
 b - a +0 hunting sling (weapon)
 i - a +1 whip of venom
Missiles
 j - 40 stones (quivered)
 k - 31 sling bullets
Armour
 g - a +1 pair of boots (worn)
 l - a scarf of resistance (worn)
Wands
 u - a wand of flame (28)
Scrolls
 f - a scroll of amnesia
 h - a scroll of magic mapping {unknown}
 m - 3 scrolls of remove curse
 o - 2 scrolls of blinking
 p - a scroll of enchant armour
Potions
 d - a potion of flight
 q - a potion of brilliance
 s - 2 potions of lignification
 v - a potion of degeneration {unknown}
 w - a potion of heal wounds {unknown}
Books
 e - a book of Flames

   Spells                             Type                      Level
   a - Flame Tongue                   Conjuration/Fire             1
   b - Throw Flame                    Conjuration/Fire             2
   c - Conjure Flame                  Conjuration/Fire             3
   d - Inner Flame                    Hexes/Fire                   3
   e - Sticky Flame                   Conjuration/Fire             4
   f - Fireball                       Conjuration/Fire             5
Comestibles
 c - 4 chunks of flesh
 n - 9 rations


   Skills:
 + Level 3.0 Fighting
 - Level 1.7 Dodging
 - Level 1.7 Stealth
 + Level 3.4 Spellcasting
 * Level 4.1 Conjurations
 * Level 4.2 Fire Magic


You had 4 spell levels left.
You knew the following spells:

 Your Spells              Type           Power        Failure   Level  Hunger
a - Flame Tongue          Conj/Fire      ###..        2%          1    None
b - Conjure Flame         Conj/Fire      ###.....     9%          3    ###....
c - Sticky Flame          Conj/Fire      ###.....     26%         4    ####...


Dungeon Overview and Level Annotations

Branches:
Dungeon (4/15)
 Temple: D:4-7

Altars:
Ashenzari
Qazlal
Trog
Yredelemnul


Innate Abilities, Weirdness & Mutations

You can breathe waves of freezing cold.
You can buffet flying creatures when you breathe cold.
Your icy white scales are hard. (AC +6)
You cannot fit into any form of body armour.
Your flesh is cold resistant. (rC+)
You are cold-blooded and may be slowed by cold attacks.


Message History

You shoot a stone. The stone hits the worker ant.
The worker ant is severely wounded.
Firing (i - inventory. (,) - cycle):
j - 42 stones (quivered)
Press: ? - help, Shift-Dir - straight line, f/p - worker ant
Aim: a worker ant (severely wounded)
You shoot a stone. The stone hits the worker ant.
The worker ant is almost dead.
Firing (i - inventory. (,) - cycle):
j - 41 stones (quivered)
Press: ? - help, Shift-Dir - straight line, f/p - worker ant
Aim: a worker ant (almost dead)
You shoot a stone. The stone hits the worker ant.
You kill the worker ant!
You have reached level 7!
Your scales start taking on an icy white colour.
You learn Fire Magic much slower.
Your Fire Magic skill decreases to level 4!
You learn Ice Magic much quicker.
You can breathe waves of freezing cold.
You can buffet flying creatures when you breathe cold.
You feel resistant to cold.
Are you sure you want to abandon this character and quit the game? (Confirm with "yes".)

##### #.# #...### #.#
#..... #.# #<..# #.#
##...#####.#... #.#
#....@ยง(....(..
#.####...####...##+
#.......#####.###
#.............#
#########.####.######
)......##.# #.#
######.##.# #.#
#.##.# #.#
######.##.# #.#


There were no monsters in sight!

Vanquished Creatures
  The ghost of sking99 the Slasher, a novice FoAK of Lugonu (D:3)
  A hound (D:4)
  Terence (D:3)
  Natasha (D:3)
  2 worker ants (D:4)
  Robin (D:4)
  An adder (D:3)
  2 worms (D:3)
  A leopard gecko (D:2)
  A ball python (D:3)
  7 bats
  A giant cockroach (D:1)
  14 goblins
  8 hobgoblins
  7 jackals (D:2)
  8 kobolds
  2 quokkas (D:2)
  4 frilled lizards
  8 rats
71 creatures vanquished.

Notes
Turn   | Place    | Note
-------+----------+-------------------------------------------
     0 | D:1      | nightchill the Draconian Fire Elementalist began the quest for the Orb.
     0 | D:1      | Reached XP level 1. HP: 14/14 MP: 3/3
   289 | D:1      | Reached XP level 2. HP: 22/22 MP: 3/5
  1030 | D:2      | Noticed a water elemental
  1032 | D:2      | Found a stormy altar of Qazlal.
  1033 | D:2      | Noticed an air elemental
  1034 | D:2      | Noticed an earth elemental
  1034 | D:2      | Noticed a fire elemental
  1087 | D:2      | Reached skill level 1 in Fighting
  1400 | D:2      | Reached XP level 3. HP: 24/28 MP: 3/6
  1633 | D:2      | Learned a level 3 spell: Conjure Flame
  2138 | D:2      | Found a basalt altar of Yredelemnul.
  2475 | D:3      | Noticed Terence
  2491 | D:3      | Killed Terence
  2491 | D:3      | Reached XP level 4. HP: 17/35 MP: 1/7
  2719 | D:3      | Found a shattered altar of Ashenzari.
  2917 | D:3      | Noticed Natasha
  2922 | D:3      | Killed Natasha
  3051 | D:3      | Noticed sking99's ghost (novice FoAK)
  3070 | D:3      | Killed sking99's ghost
  3070 | D:3      | Reached XP level 5. HP: 27/42 MP: 0/9
  3070 | D:3      | Reached XP level 6. HP: 32/50 MP: 0/10
  3281 | D:3      | Learned a level 4 spell: Sticky Flame
  3509 | D:3      | Found a bloodstained altar of Trog.
  3768 | D:4      | Reached skill level 5 in Fire Magic
  3856 | D:4      | Noticed Robin
  4001 | D:4      | Killed Robin
  4181 | D:4      | Your scales start taking on an icy white colour.
  4181 | D:4      | Reached XP level 7. HP: 57/57 MP: 9/12
  4181 | D:4      | Gained mutation: Your flesh is cold resistant. (rC+) [White Draconian growth]
  4182 | D:4      | Quit the game

Skill      XL: |  1  2  3  4  5  6 |
---------------+-------------------+-----
Fighting       | 1 2 3 |  3.0
Conjurations   | 2 3 4 |  4.1
Spellcasting   | 3 |  3.4
Fire Magic     | 4 4 |  4.2
Dodging        | |  1.7
Stealth        | |  1.7

Action                   |  1- 3 |  4- 6 |  7- 9 || total
-------------------------+-------+-------+-------++-------
Melee: Mace              |     4 |     2 |       ||     6
       Tailslap          |     1 |       |       ||     1
 Fire: Hunting sling     |    48 |   103 |       ||   151
Throw: Stone             |    23 |       |       ||    23
 Cast: Flame Tongue      |    66 |    31 |       ||    97
       Conjure Flame     |     2 |     8 |       ||    10
  Use: Scroll            |       |    10 |       ||    10
  Eat: Chunk             |     6 |     6 |       ||    12
Armor: Skin              |    15 |    10 |       ||    25
Dodge: Dodged            |    47 |    23 |       ||    70
